 Dungeon Crawl Stone Soup version 0.28-a0-512-g960c72b710 (webtiles) character file.

Game seed: 17183168559254494031

2170 Lekart the Fighter (level 9, -5/73 HPs)
             Began as a Pale Draconian Chaos Knight on Sept 22, 2021.
             Was a Plaything of Xom.
             Killed by nerve-wracking pain
             ... invoked by a shadow imp
             ... summoned by Xom
              (12 damage)
             ... on level 6 of the Dungeon.
             The game lasted 00:12:14 (8133 turns).

Lekart the Fighter (Pale Draconian Chaos Knight)    Turns: 8133, Time: 00:12:14

Health: -5/73      AC:  8    Str: 14 (15) XL:     9   Next: 11%
Magic:  9/9        EV: 13    Int: 13      God:    Xom [*.....]
Gold:   160        SH:  0    Dex: 11      Spells: 8/8 levels left

rFire   . . .      SeeInvis +   e - +4 quarterstaff (chaos)
rCold   . . .      Faith    .   (shield currently unavailable)
rNeg    . . .      Spirit   .   (armour unavailable)
rPois   .          Reflect  .   (helmet restricted)
rElec   .          Harm     .   g - +0 cloak
rCorr   .          Rampage  .   (no gloves)
Will    .....                   (no boots)
Stlth   +.........              (no amulet)
HPRegen 0.22/turn               f - ring of see invisible
MPRegen 0.11/turn               l - ring of flight

@: flying
A: breathe steam, AC +7, unfitting armour, cold-blooded, steam resistance, frail
1, weak 1
a: Breathe Steam, Renounce Religion


You were on level 6 of the Dungeon.
You worshipped Xom.
You were a special plaything of Xom.
You visited 2 branches of the dungeon, and saw 7 of its levels.

You collected 220 gold pieces.
You spent 60 gold pieces at shops.

Inventory:

Hand Weapons
 a - a +0 falchion of chaos
 e - a +4 quarterstaff of chaos (weapon)
Armour
 g - a +0 cloak (worn)
Jewellery
 f - a ring of see invisible (left hand)
 l - a ring of flight (right hand)
Scrolls
 c - 3 scrolls of identify
 h - a scroll of enchant armour
 i - a scroll of noise
 j - 2 scrolls of magic mapping
 k - a scroll of fog {unknown}
Potions
 b - 2 potions of lignification
 d - 2 potions of curing
 m - a potion of heal wounds {unknown}


   Skills:
 * Level 8.9 Fighting
 + Level 4.8 Long Blades
 + Level 6.6 Staves
 + Level 5.2 Dodging
 + Level 0.1 Evocations


You had 8 spell levels left.
You didn't know any spells.
Your spell library contained the following spells:

 Spells                   Type           Power      Damage    Failure   Level
 Magic Dart               Conj           0%         1d3       30%         1
 Call Imp                 Summ           0%         N/A       43%         2
 Static Discharge         Conj/Air       0%         N/A       43%         2
 Mephitic Cloud           Conj/Pois/Air  0%         N/A       67%         3
 Dispel Undead            Necr           0%         3d6       97%         4
 Sticky Flame             Conj/Fire      0%         2d3       97%         4


Dungeon Overview and Level Annotations

Branches:
Dungeon (6/15)             Temple (1/1) D:5

Altars:
Ashenzari
Cheibriados
Dithmenos
Elyvilon
Fedhas
Gozag
Hepliaklqana
Kikubaaqudgha
Makhleb
Nemelex Xobeh
Okawaru
Qazlal
Ru
Sif Muna
Trog
Uskayaw
Vehumet
Wu Jian
Xom
Yredelemnul
Zin
The Shining One

Shops:
D:5 *


Innate Abilities, Weirdness & Mutations

You can breathe blasts of scalding, opaque steam.
Your pale cyan-grey scales are hard. (AC +7)
You cannot fit into any form of body armour.
You are cold-blooded and may be slowed by cold attacks.
You are immune to the effects of steam.
You are frail. (-10% HP)
You are weak. (Str -2)


Message History

There are monsters nearby!
You sock the hornet zombie! You burn the hornet zombie.
You tail-slap the hornet zombie, but do no damage.
The hornet zombie is moderately damaged.
The hornet zombie hits you but does no damage.
You barely miss the hornet zombie.
The hornet zombie is moderately damaged.
The hornet zombie closely misses you. The troll bites you!
The troll barely misses you. The troll claws you!
You closely miss the hornet zombie.
Your tail-slap misses the hornet zombie.
The hornet zombie is moderately damaged.
The hornet zombie hits you! The troll bites you! The troll claws you!
* * * LOW HITPOINT WARNING * * *
The troll closely misses you.
You are too injured to fight recklessly!
The troll bites you.
* * * LOW HITPOINT WARNING * * *
The troll barely misses you. The troll claws you but does no damage.
The hornet zombie hits you!
* * * LOW HITPOINT WARNING * * *
There is an open door here.
Okay, then.
Okay, then. "Burn, baby, burn!"
The fireball engulfs the troll but does no damage.
The fireball engulfs the hornet zombie.
The fireball engulfs the hornet zombie!
The fireball engulfs the troll!
You hear Xom's maniacal laughter.
You barely miss the crimson imp. The shadow imp closely misses you.
The crimson imp barely misses you.
The white imp hits you but does no damage.
As you read the scroll labelled FOSICKENNETRO, it crumbles to dust.
You hear a loud clanging noise!
It was a scroll of noise.
Xom is mildly amused.
The shadow imp gestures at you. Pain shoots through your body!
You die...
Xom is highly amused!

#.# #.#.# #.# #.#.#
#.# #.#># #.#
#.#'## #.# #.....
#Z# #..... #T#
#.)... #5# #.#'##
#@###########.#.#
#555..........#.#
###############.#.#
#.............#.#.#
#.###########.###.#
#.#.............#.#
#.#.####.##.#.#.#.#
#.#.#.....#.#.#.#.#
#.#.#.#####.#.#.#.#


You could see a troll, a crimson imp (summoned), a white imp (summoned), 2
shadow imps and a hornet zombie.

Vanquished Creatures
  A two-headed ogre (D:6)
  A water moccasin (D:6)
  A sky beast (D:5)
  A black bear (D:5)
  2 ogres (D:6)
  A centaur (D:5)
  2 phantoms
  A bullfrog (D:6)
  A scorpion (D:5)
  A bullfrog zombie (D:5)
  A centaur zombie (D:6)
  An orc priest (D:4)
  A bullfrog skeleton (D:5)
  2 hounds (D:4)
  A jelly (D:4)
  Crazy Yiuf (D:3)
  Ijyb (D:3)
  Jessica (D:2)
  An orc wizard (D:5)
  2 hound zombies (D:5)
  A hound skeleton (D:4)
  4 adders
  6 gnolls
  A river rat (D:3)
  A shadow imp (D:6)
  A white imp (D:5)
  An ufetubus (D:4)
  2 worms (D:3)
  2 dart slugs
  11 orcs
  7 bats
  4 endoplasms
  2 giant cockroaches
  5 goblins
  10 hobgoblins
  2 jackals (D:1)
  6 quokkas
  7 ball pythons
  A frilled lizard (D:3)
  A jackal skeleton (D:4)
  4 kobolds
  8 rats
111 creatures vanquished.

Vanquished Creatures (collateral kills)
  Grinder (D:5)
  A centaur skeleton (D:5)
  A howler monkey zombie (D:5)
3 creatures vanquished.

Grand Total: 114 creatures vanquished

Notes
Turn   | Place    | Note
-------+----------+-------------------------------------------
     0 | D:1      | Lekart the Draconian Chaos Knight began the quest for the
                  | Orb.
     0 | D:1      | Reached XP level 1. HP: 19/19 MP: 1/1
   110 | D:1      | XOM: silly message
   228 | D:1      | XOM: divination: detect items
   360 | D:1      | Reached XP level 2. HP: 27/27 MP: 2/2
   466 | D:1      | Found a faded altar of an unknown god.
   822 | D:1      | Reached skill level 4 in Fighting
   945 | D:2      | XOM: blink monster(s)
   982 | D:2      | Reached XP level 3. HP: 21/33 MP: 3/3
  1161 | D:2      | Noticed Jessica
  1169 | D:2      | Killed Jessica
  1404 | D:2      | Reached XP level 4. HP: 41/41 MP: 4/4
  1731 | D:3      | XOM: divination: detect creatures
  1732 | D:3      | XOM: potion effect (invisibility)
  2073 | D:3      | Noticed Ijyb
  2073 | D:3      | XOM: divination: detect items
  2073 | D:3      | Paralysed by Ijyb for 6 turns
  2076 | D:3      | XOM: potion effect (might)
  2084 | D:3      | XOM: cast spell 'Statue Form'
  2086 | D:3      | Paralysed by Ijyb for 6 turns
  2092 | D:3      | Killed Ijyb
  2093 | D:3      | Reached skill level 5 in Fighting
  2338 | D:3      | Reached XP level 5. HP: 44/48 MP: 5/5
  2461 | D:3      | XOM: divination: detect creatures
  2569 | D:3      | XOM: 1-stop teleportation journey
  2667 | D:3      | XOM: 8-stop teleportation journey
  2850 | D:3      | Found a runed translucent door.
  2851 | D:3      | Noticed Crazy Yiuf
  3477 | D:3      | XOM: noise
  3559 | D:3      | XOM: butterfly on damage
  3565 | D:3      | Killed Crazy Yiuf
  3831 | D:3      | XOM: god gift: 17 gold pieces
  3927 | D:4      | Noticed a phantom
  3937 | D:4      | Killed a phantom
  3938 | D:4      | Reached XP level 6. HP: 57/57 MP: 6/6
  4115 | D:4      | XOM: swap monsters
  4323 | D:4      | Reached skill level 6 in Fighting
  4380 | D:4      | Found an ancient bone altar of Kikubaaqudgha.
  4626 | D:4      | XOM: 1-stop teleportation journey
  4660 | D:4      | Reached skill level 1 in Staves
  4819 | D:5      | Entered Level 5 of the Dungeon
  4892 | D:5      | Found Neodamao's General Store.
  4900 | D:5      | Your scales start taking on a pale cyan-grey colour.
  4900 | D:5      | Reached XP level 7. HP: 58/64 MP: 7/7
  4900 | D:5      | Gained mutation: You are immune to the effects of steam.
                  | [Pale Draconian growth]
  4910 | D:5      | Bought a potion of curing for 30 gold pieces
  4910 | D:5      | Bought a potion of curing for 30 gold pieces
  4922 | D:5      | Gained mutation: Your magical capacity is low. (-10% MP)
                  | [potion of mutation]
  4923 | D:5      | Lost mutation: Your magical capacity is low. (-10% MP)
                  | [potion of mutation]
  4923 | D:5      | Gained mutation: You are frail. (-10% HP) [potion of
                  | mutation]
  4953 | D:5      | Noticed Grinder
  4954 | D:5      | XOM: chaos cloud
  4963 | D:5      | XOM: blink monster(s)
  4966 | D:5      | Paralysed by Grinder for 4 turns
  4972 | D:5      | XOM: chaos upgrade
  4984 | D:4      | HP: 1/57 [hound (5)]
  5056 | D:4      | XOM: silly message
  5172 | D:4      | XOM: give mutation
  5172 | D:4      | Gained mutation: You are weak. (Str -2) [Xom's mischief]
  5380 | D:5      | XOM: 1-stop teleportation journey
  5782 | D:5      | Reached skill level 7 in Fighting
  5795 | D:5      | XOM: summons 7 friendly demons
  5807 | D:5      | Killed Grinder
  5808 | D:5      | Reached XP level 8. HP: 45/65 MP: 8/8
  5844 | D:5      | XOM: summons 5 hostile demons
  6295 | D:5      | Found a staircase to the Ecumenical Temple.
  6302 | Temple   | Entered the Ecumenical Temple
  6981 | D:6      | XOM: summons 1 hostile demon
  7024 | D:6      | Reached skill level 8 in Fighting
  7024 | D:6      | Reached skill level 5 in Staves
  7579 | D:6      | Noticed a two-headed ogre
  7585 | D:6      | HP: 3/66 [two-headed ogre (4)]
  7586 | D:6      | Killed a two-headed ogre
  7587 | D:6      | Reached skill level 5 in Dodging
  7587 | D:6      | Reached XP level 9. HP: 3/73 MP: 9/9
  8035 | D:6      | XOM: stat loss: -1 Str (14/15)
  8105 | D:6      | Noticed a troll
  8110 | D:6      | HP: 2/73 [hornet zombie (9)]
  8121 | D:6      | XOM: destruction
  8131 | D:6      | XOM: summons 4 hostile demons
  8133 | D:6      | Killed from afar by a shadow imp

Illustrated notes

Levels and vault maps discovered:
D:1:      minmay_arrival_three_doors, layout_loops_corners,
          basic_ecumenical_altar
D:2:      layout_rooms, uniq_jessica
D:3:      layout_loops_corners, portal_sewer_entry_c, grunt_ministairs_12,
          uniq_crazy_yiuf_cottage, uniq_ijyb
D:4:      layout_loops_ring, kiku_gazebo_pond_becter
D:5:      layout_layer_cave, minmay_temple_entry_trees, serial_shops, shop,
          hangedman_decor_lopped, uniq_grinder
D:6:      layout_basic
Temple:   minmay_crystal_snake_temple

Skill      XL: |  1  2  3  4  5  6  7  8 |
---------------+-------------------------+-----
Fighting       | 4 5 6 7 8 |  8.9
Long Blades    | 4 |  4.8
Dodging        | 3 4 5 |  5.2
Staves         | 1 4 6 |  6.6
Evocations     | |  0.1

Action                   |  1- 3 |  4- 6 |  7- 9 || total
-------------------------+-------+-------+-------++-------
Melee: Falchion          |    89 |   123 |       ||   212
       Tailslap          |     4 |    19 |    16 ||    39
       Quarterstaff      |       |    71 |   109 ||   180
 Abil: Breathe Steam     |       |       |     4 ||     4
Evoke: Wand              |       |     3 |       ||     3
  Use: Scroll            |       |     8 |     3 ||    11
       Potion            |       |     5 |     2 ||     7
 Stab: Sleeping          |       |       |     1 ||     1
Armor: Skin              |    36 |    89 |    58 ||   183
Dodge: Dodged            |    56 |   154 |    95 ||   305

Table legend: (Time is in decaauts)
 A = Elapsed time spent in this place.
 B = Non-inter-level travel time spent in this place.
 C = Inter-level travel time spent in this place.
 D = Time resting spent in this place.
 E = Time spent auto-exploring this place.
 F = Levels seen in this place.
 G = Mean time per level.
                   A        B        C        D        E       F      G
               +--------+--------+--------+--------+--------+-----+--------+
         Total |   8189 |   8013 |    176 |   1748 |   5013 |   7 | 1169.9 |
       Dungeon |   7977 |   7839 |    138 |   1748 |   4858 |   6 | 1329.5 |
        Temple |    211 |    173 |     38 |      0 |    155 |   1 |  211.0 |
               +--------+--------+--------+--------+--------+-----+--------+

Top non-repeatable levels by time:
     D:3: 1962 daAuts
     D:6: 1611 daAuts
     D:4: 1329 daAuts
     D:5: 1114 daAuts
     D:2: 1042 daAuts
     D:1: 916 daAuts
  Temple: 211 daAuts
